 Dungeon Crawl Stone Soup version 0.24.0-125-gc4c63601f3 (webtiles) character file.

Game seed: 5529251730610586087, levelgen mode: deterministic

42 Johnny the Ruffian (level 3, -3/54 HPs)
             Began as a Troll Berserker on Feb 24, 2020.
             Was a Believer of Trog.
             Slain by Sigmund
             ... wielding a +2 scythe of slicing
              (10 damage)
             ... on level 2 of the Dungeon.
             The game lasted 00:01:02 (998 turns).

Johnny the Ruffian (Troll Berserker)                 Turns: 998, Time: 00:01:02

Health: -3/54      AC:  6    Str: 31    XL:     3   Next: 33%
Magic:  2/2        EV: 10    Int:  7    God:    Trog [**....]
Gold:   78         SH:  0    Dex:  9    Spells: 2/2 levels left

rFire    . . .     SeeInvis .     - Unarmed
rCold    . . .     Gourm    +   (no shield)
rNeg     . . .     Faith    .   a - +0 animal skin
rPois    .         Spirit   .   (helmet restricted)
rElec    .         Reflect  .   (no cloak)
rCorr    +         Harm     .   (gloves unavailable)
MR       .....                  (boots unavailable)
Stlth    ..........             (no amulet)
HPRegen  0.58/turn              f - +4 ring of intelligence
MPRegen  0.08/turn              m - ring of resist corrosion

@: berserking (expiring), very quick
A: large, unfitting armour, claws 3, fast metabolism 3, gourmand, regeneration
1, shaggy fur 1, tough skin 3
a: Berserk, Trog's Hand, Renounce Religion


You were on level 2 of the Dungeon.
You worshipped Trog.
Trog was pleased with you.
You were very full.

You visited 1 branch of the dungeon, and saw 2 of its levels.

You collected 78 gold pieces.

Inventory:

Armour
 a - a +0 animal skin (worn)
Jewellery
 f - a +4 ring of intelligence (left claw)
 m - a ring of resist corrosion (right claw)
Scrolls
 h - a scroll of enchant weapon {unknown}
 i - a scroll of identify {unknown}
 j - a scroll of remove curse {unknown}
Potions
 c - a potion of lignification {unknown}
 d - 3 potions of curing {unknown}
 e - 2 potions of heal wounds {unknown}
 g - 2 potions of cancellation {unknown}
 l - a potion of magic {unknown}
Comestibles
 b - 3 rations
 k - a chunk of flesh


   Skills:
 + Level 2.7 Fighting
 + Level 1.0 Armour
 + Level 2.8 Dodging
 + Level 3.4 Unarmed Combat


You had 2 spell levels left.
You didn't know any spells.
Your spell library was empty.

Dungeon Overview and Level Annotations

Branches:
Dungeon (2/15)

Altars:
Qazlal

Annotations:
D:2 Sigmund


Innate Abilities, Weirdness & Mutations

You are too large for most types of armour.
You have claws for hands.
Your metabolism is lightning-fast.
You like to eat raw meat.
Your natural rate of healing is unusually fast.
You are covered in fur. (AC +1)
You have extremely tough skin. (AC +3)


Message History

Sigmund hits you with a +2 scythe of slicing!
The giant cockroach bites you but does no damage.
You claw Sigmund!
Sigmund is moderately wounded.
The giant cockroach bites you but does no damage.
Unknown command.
You closely miss Sigmund.
Sigmund is moderately wounded.
Sigmund hits you with a +2 scythe of slicing!
* * * LOW HITPOINT WARNING * * *
x2 The giant cockroach barely misses you.
You scratch Sigmund.
Sigmund is heavily wounded.
The goblin hits you but does no damage.
The giant cockroach bites you but does no damage.
Unknown command.
You claw Sigmund!
Sigmund is almost dead.
Sigmund hits you with a +2 scythe of slicing!
You die...

..# #.## #... #(.#
#...## ##.## #....###
#..# #....#.. ##.##
#....#.# #..# #...#$#
####.#########.@g#.#####
......÷........s@.......
#####.########....##.###
#####.## #......#
#......# #.##.#....#
#.###..# # #.#######
#.###.(##### #†.......
#.#.......... #.#######
#.#.#....#### #.#
..#.###..# #.#


You could see Sigmund, a giant cockroach and a goblin.

Vanquished Creatures
  An ooze (D:1)
  A worm (D:2)
  A leopard gecko (D:2)
  5 bats
  2 giant cockroaches (D:2)
  3 goblins
  4 hobgoblins
  2 jackals (D:1)
  A quokka (D:2)
  3 frilled lizards
  5 kobolds
  5 rats
33 creatures vanquished.

Notes
Turn   | Place    | Note
-------+----------+-------------------------------------------
     0 | D:1      | Johnny the Troll Berserker began the quest for the Orb.
     0 | D:1      | Reached XP level 1. HP: 22/22 MP: 0/0
   110 | D:1      | Reached XP level 2. HP: 29/29 MP: 1/1
   735 | D:2      | Found a stormy altar of Qazlal.
   794 | D:2      | Reached ** piety under Trog
   794 | D:2      | Reached XP level 3. HP: 36/36 MP: 2/2
   907 | D:2      | Reached skill level 1 in Armour
   980 | D:2      | Noticed Sigmund
   998 | D:2      | Slain by Sigmund

Levels and vault maps discovered:
D:1:      kennysheep_arrival_forest, layout_loops_ring
D:2:      layout_basic, nicolae_qazlal_eye_of_the_storm, minmay_tromino_v2,
          uniq_sigmund

Skill      XL: |  1  2  3 |
---------------+----------+-----
Armour         | 1 |  1.0
Fighting       | |  2.7
Dodging        | |  2.8
Unarmed Combat | |  3.4

Action                   || total
-------------------------++-------
Melee: Unarmed           ||    80
Invok: Berserk           ||     1
 Stab: Sleeping          ||     3
  Eat: Chunk             ||    14
Armor: Animal skin       ||    44
Dodge: Dodged            ||    53
